 Dungeon Crawl Stone Soup version 0.30-a0-711-gf4ac18a38d (webtiles) character file.

Game seed: 376030216340613283

2157 PyroL the Magician (level 9, 0/68 HPs)
             Began as a Djinni Warper on Jan 22, 2023.
             Killed from afar by a gargoyle (21 damage)
             ... with a stone arrow
             ... on level 6 of the Dungeon.
             The game lasted 00:16:09 (7916 turns).

PyroL the Magician (Djinni Warper)                  Turns: 7916, Time: 00:16:09

Health: 0/68       AC:  6    Str: 10    XL:     9   Next: 57%
Gold:   294        EV: 11    Int: 19    God:
                   SH:  5    Dex: 19

rFire   + + .      SeeInvis .    H - +6 scimitar
rCold   + . .      Faith    .    a - +0 buckler
rNeg    . . .      Spirit   .    i - +2 leather armour {rC+}
rPois   ∞          Reflect  .    (no helmet)
rElec   .          Harm     .    (no cloak)
rCorr   .          Rampage  .    s - +0 pair of gloves
Will    .....                    (boots unavailable)
Stlth   +                        (no amulet)
HPRegen 0.31/turn                n - +6 ring of dexterity
MPRegen 0.00/turn                C - ring of protection from cold

@: flying
A: sickness immunity, fire resistance 2, cold vulnerability 1, float, innate
caster, HP casting, extra vitality 1
a: no special abilities


You were on level 6 of the Dungeon.
You visited 2 branches of the dungeon, and saw 7 of its levels.

You collected 294 gold pieces.

Inventory:

Hand Weapons
 k - a +2 dagger of protection
 H - a +6 scimitar (weapon)
Missiles
 d - 7 boomerangs of dispersal
 j - 5 atropa-tipped darts
 m - 25 poisoned darts
 t - 14 boomerangs
Armour
 a - a +0 buckler (worn)
 i - a +2 leather armour of cold resistance (worn)
 s - a +0 pair of gloves (worn)
 x - the +2 robe "Nafiec" {Will+}
   (You found it on level 4 of the Dungeon)

   Will:      It increases your willpower.
Jewellery
 n - a +6 ring of dexterity (left hand)
 C - a ring of protection from cold (right hand)
 E - a ring of protection from fire
Wands
 b - a wand of flame (10)
 u - a wand of iceblast (11)
 A - a wand of light (9)
Scrolls
 f - a scroll of torment {unknown}
 g - a scroll of summoning
 l - 2 scrolls of brand weapon {unknown}
 o - 2 scrolls of immolation {unknown}
 p - a scroll of magic mapping {unknown}
 r - a scroll of enchant weapon
 w - a scroll of enchant armour {unknown}
 y - 2 scrolls of teleportation {unknown}
 D - a scroll of fear {unknown}
Potions
 c - 2 potions of attraction {unknown}
 e - a potion of lignification
 h - a potion of curing
 q - 2 potions of cancellation {unknown}
 v - a potion of heal wounds {unknown}
 z - a potion of brilliance {unknown}
 B - 2 potions of mutation {unknown}
 F - a potion of haste {unknown}
 G - a potion of berserk rage {unknown}


   Skills:
 + Level 7.0 Fighting
 - Level 1.7 Short Blades
 - Level 0.7 Throwing
 - Level 1.0 Armour
 - Level 2.1 Dodging
 - Level 2.7 Shields
 * Level 7.7 Spellcasting


You couldn't memorise any spells.
You knew the following spells:

 Your Spells              Type           Power      Damage    Failure   Level
a - Blink                 Tloc           72%        N/A       1%          2
b - Lesser Beckoning      Tloc           72%        N/A       1%          2
c - Vhi's Electric Charg  Tloc/Air       72%        N/A       1%          3
d - Teleport Other        Tloc           36%        N/A       1%          3
e - Manifold Assault      Tloc           36%        N/A       7%          4
f - Magic Dart            Conj           100%       1d8       1%          1
g - Call Imp              Summ           36%        N/A       1%          2
h - Ozocubu's Armour      Ice            36%        N/A       1%          3
i - Frozen Ramparts       Ice            72%        1d11      1%          3
Your spell library was empty.

Dungeon Overview and Level Annotations

Branches:
Dungeon (6/15)             Temple (1/1) D:6

Altars:
Cheibriados
Dithmenos
Elyvilon
Fedhas
Gozag
Hepliaklqana
Nemelex Xobeh
Okawaru
Qazlal
Ru
Trog
Wu Jian
Xom
Zin
The Shining One


Innate Abilities, Weirdness & Mutations

You are immune to sickness and miasma.
You are immune to poison.
Your flesh is very heat resistant. (rF++)
You are vulnerable to cold. (rC-)
You float through the air rather than walking.
You learn spells naturally, not from books.
Your magical power is your life essence.
You have superior vitality. (+4 MHP)


Message History

Aiming: Teleport Other (safe; 1% risk of failure)
Press: ? - help, Shift-Dir - straight line, f - gargoyle
Aim: a gargoyle, wielding a +0 mace (chance to affect: 56%)
The gargoyle looks slightly unstable.
Casting: Teleport Other (safe; 1% risk of failure)
Confirm with . or Enter, or press ? or * to list all spells.
Space momentarily warps into an impossible shape!
You hit the gargoyle but do no damage.
The gargoyle disappears!
The gargoyle reappears nearby!
Casting: Manifold Assault (dangerous; 7% risk of failure)
Confirm with . or Enter, or press ? or * to list all spells.
Aiming: Teleport Other (safe; 1% risk of failure)
Press: ? - help, Shift-Dir - straight line, f/p - gargoyle
Aim: a gargoyle, wielding a +0 mace (chance to affect: 56%)
The gargoyle resists with significant effort.
You hit the gargoyle.
The gargoyle is lightly damaged.
The gargoyle hurls a stone arrow at you.
You block the stone arrow.
You hit the gargoyle but do no damage. The gargoyle hits you with a +0 mace.
The gargoyle hits you with a +0 mace!
Casting: Teleport Other (safe; 1% risk of failure)
Confirm with . or Enter, or press ? or * to list all spells.
Aiming: Teleport Other (safe; 1% risk of failure)
Press: ? - help, Shift-Dir - straight line, f/p - gargoyle
Aim: a gargoyle, wielding a +0 mace (chance to affect: 56%)
The gargoyle looks slightly unstable.
The gargoyle hits you with a +0 mace!
* * * LOW HITPOINT WARNING * * *
Casting: Teleport Other (safe; 1% risk of failure)
Confirm with . or Enter, or press ? or * to list all spells.
You blink.
* * * LOW HITPOINT WARNING * * *
The gargoyle disappears!
You start resting.
You feel stable enough to blink again.
You start resting.
A gargoyle is nearby!
The gargoyle hurls a stone arrow at you.
The stone arrow hits you!!
You die...

###...## #.... ##.....###
#####... #..##....## ###.>.....
.######...### ###......... ##
###...## #..^........ # ##.>.###
##........... #
###...######............
###..#...#...........# #
##.@.#...#.........# ## ######
#....9.##.........# .####....####
#..#.#.###.........
..##........###........##....##..
..#............[#...#.......####.
...#..........#.......#...### #.
............#.....>.....#.# ##.
..............#.......#...# #..
#.....###.......#...#...### ##..


You could see a gargoyle.

Vanquished Creatures
  Pikel (D:5)
  Eustachio (D:5)
  A steam dragon (D:5)
  An ogre (D:5)
  An ice beast (D:6)
  2 phantoms
  A bullfrog (D:5)
  7 wights
  5 hounds
  3 jellies
  3 iguanas
  2 orc wizards
  9 adders
  A gnoll (D:3)
  2 shadow imps
  3 white imps
  3 worms
  2 dart slugs (D:2)
  16 orcs
  4 endoplasms
  5 giant cockroaches
  5 goblins
  10 hobgoblins
  5 kobolds
  2 quokkas (D:5)
  6 ball pythons
  5 bats
  2 frilled lizards
108 creatures vanquished.

Vanquished Creatures (collateral kills)
  A phantom (D:5)
  An iguana (D:4)
2 creatures vanquished.

Vanquished Creatures (others)
  2 orcs (D:5)
2 creatures vanquished.

Grand Total: 112 creatures vanquished

Notes
Turn   | Place    | Note
-------+----------+-------------------------------------------
     0 | D:1      | PyroL the Djinni Warper began the quest for the Orb.
     0 | D:1      | PyroL set off with the following spells memorised: Blink,
                  | Lesser Beckoning, Vhi's Electric Charge, Teleport Other,
                  | Manifold Assault.
     0 | D:1      | Reached XP level 1. HP: 18/18 MP: 0/0
   293 | D:1      | Reached XP level 2. HP: 8/24 MP: 0/0
   841 | D:2      | Reached skill level 1 in Shields
   957 | D:2      | Reached XP level 3. HP: 25/29 MP: 0/0
   957 | D:2      | Learned a level 1 spell: Magic Dart
  1161 | D:2      | Reached XP level 4. HP: 12/34 MP: 0/0
  1935 | D:3      | Found a faded altar of an unknown god.
  1973 | D:3      | Found a bloodstained altar of Trog.
  2922 | D:3      | Reached XP level 5. HP: 38/40 MP: 0/0
  2922 | D:3      | Learned a level 2 spell: Call Imp
  3294 | D:4      | Identified the +2 robe "Nafiec" {Will+}
  3429 | D:4      | Reached XP level 6. HP: 30/46 MP: 0/0
  4250 | D:5      | Entered Level 5 of the Dungeon
  4250 | D:5      | Noticed an ogre
  4549 | D:5      | Killed an ogre
  4550 | D:5      | Reached XP level 7. HP: 25/52 MP: 0/0
  4550 | D:5      | Learned a level 3 spell: Ozocubu's Armour
  4832 | D:5      | Reached skill level 5 in Spellcasting
  5200 | D:5      | Found a sacrificial altar of Ru.
  5200 | D:5      | Found a shimmering altar of Xom.
  5205 | D:5      | Found a stormy altar of Qazlal.
  5272 | D:6      | Reached XP level 8. HP: 22/58 MP: 0/0
  5412 | D:6      | Found a staircase to the Ecumenical Temple.
  5422 | D:6      | Noticed Eustachio
  5686 | D:5      | Reached skill level 5 in Fighting
  6648 | D:5      | Killed Eustachio
  6950 | D:6      | Noticed Pikel
  6978 | D:5      | Killed Pikel
  6979 | D:5      | Reached XP level 9. HP: 41/67 MP: 0/0
  6979 | D:5      | Learned a level 3 spell: Frozen Ramparts
  7146 | Temple   | Entered the Ecumenical Temple
  7468 | D:6      | Noticed a gargoyle
  7916 | D:6      | Killed from afar by a gargoyle

Illustrated notes

Levels and vault maps discovered:
D:1:      arrival_zaba_pyramid, layout_loops_ring
D:2:      layout_rooms, guppyfry_early_lair_pool
D:3:      layout_loops_corners, mainiacjoe_overflow_six_doors_small,
          ebering_ecumenical_altar_rust, serial_park_tiny_2,
          hangedman_feature_mirror
D:4:      layout_basic, kennysheep_dice
D:5:      layout_gridville, minitemple
D:6:      layout_cave_pods, minmay_temple_entry_sparse_star,
          minmay_fractal_squares_gapless_5, uniq_eustachio, uniq_pikel
Temple:   hellmonk_temple_flake

Skill      XL: |  1  2  3  4  5  6  7  8  9 |
---------------+----------------------------+-----
Shields        | 1 2 |  2.7
Spellcasting   | 3 4 5 7 |  7.7
Fighting       | 3 4 6 7 |  7.0
Short Blades   | |  1.7
Throwing       | |  0.7
Armour         | |  1.0
Dodging        | |  2.1

Action                     |  1- 3 |  4- 6 |  7- 9 || total
---------------------------+-------+-------+-------++-------
  Melee: Short sword       |    30 |       |       ||    30
         Dagger            |    86 |    53 |    80 ||   219
         Scimitar          |       |       |    65 ||    65
  Throw: Dart              |       |     4 |       ||     4
   Cast: Magic Dart        |    24 |   142 |    98 ||   264
         Blink             |       |     5 |     3 ||     8
         Call Imp          |       |     3 |     6 ||     9
         Ozocubu's Armour  |       |       |     8 ||     8
         Teleport Other    |       |       |     3 ||     3
         Frozen Ramparts   |       |       |     1 ||     1
         Manifold Assault  |       |       |     1 ||     1
  Evoke: Wand              |       |       |     2 ||     2
    Use: Scroll            |     3 |     3 |     5 ||    11
         Potion            |       |       |     2 ||     2
   Stab: Invisible         |       |       |     1 ||     1
 Armour: Leather armour    |    39 |     9 |     8 ||    56
         Robe              |       |     7 |    40 ||    47
         Skin              |       |       |     7 ||     7
  Dodge: Dodged            |    69 |    39 |   115 ||   223
  Block: Buckler           |       |    15 |    53 ||    68

Table legend: (Time is in decaauts)
 A = Elapsed time spent in this place.
 B = Non-inter-level travel time spent in this place.
 C = Inter-level travel time spent in this place.
 D = Time resting spent in this place.
 E = Time spent auto-exploring this place.
 F = Levels seen in this place.
 G = Mean time per level.
                   A        B        C        D        E       F      G
               +--------+--------+--------+--------+--------+-----+--------+
         Total |   7938 |   7632 |    306 |   2046 |   4187 |   7 | 1134.0 |
       Dungeon |   7785 |   7488 |    297 |   2046 |   4057 |   6 | 1297.5 |
        Temple |    152 |    143 |      9 |      0 |    130 |   1 |  152.0 |
               +--------+--------+--------+--------+--------+-----+--------+

Top non-repeatable levels by time:
     D:5: 2292 daAuts
     D:4: 1569 daAuts
     D:3: 1216 daAuts
     D:6: 996 daAuts
     D:2: 914 daAuts
     D:1: 795 daAuts
  Temple: 152 daAuts
